 Dungeon Crawl Stone Soup version 0.21.0 (webtiles) character file.

703480 inmateoo the Axe Maniac (level 27, 0/239 HPs)
             Began as a Minotaur Berserker on Jan 5, 2018.
             Was the Champion of the Shining One.
             Blown up by an orb spider (24 damage)
             ... with an orb of destruction
             ... on level 12 of a ziggurat.
             The game lasted 01:45:22 (60305 turns).

inmateoo the Axe Maniac (Minotaur Berserker)       Turns: 60305, Time: 01:45:23

Health: 0/239      AC: 30    Str: 33    XL:     27
Magic:  24/35      EV: 25    Int:  4    God:    the Shining One [******]
Gold:   6340       SH:  0    Dex: 19    Spells: 34/41 levels left

rFire    + . .     SeeInvis +   t - +9 executioner's axe (holy)
rCold    + . .     Gourm    .   (shield currently unavailable)
rNeg     + + +     Faith    .   o - +6 chain mail "Faugops" {rPois MR++}
rPois    +         Spirit   .   Q - +2 hat {SInv}
rElec    +         Reflect  .   G - +0 cloak
rCorr    +         Harm     .   F - +2 pair of gloves {Dex+3}
MR       ++++.                  P - +1 pair of boots
Stlth    ..........             O - amulet of regeneration
HPRegen  0.89/turn              N - ring of Moderation {*Drain +Blink rElec rC+ Str+2}
MPRegen  0.24/turn              b - ring "Giys" {rCorr rF+}

@: confused, silence, glowing
A: retaliatory headbutt, horns 2, deformed body, frail 1, strong 1, MP-powered
wands
}: 6/15 runes: decaying, silver, magical, fiery, dark, gossamer
a: Renounce Religion, Evoke Blink


You were on level 12 of a ziggurat.
You worshipped the Shining One.
The Shining One was exalted by your worship.
You were not hungry.

You visited 9 branches of the dungeon, and saw 43 of its levels.
You visited Pandemonium 3 times, and saw 15 of its levels.
You visited the Abyss 1 time.
You visited 1 ziggurat, and saw 12 of its levels.
You also visited: Sewer, Ice Cave and Desolation.

You collected 7578 gold pieces.
You spent 1238 gold pieces at shops.

Inventory:

Hand Weapons
 q - the +12 battleaxe of Sailed {protect, rPois MR+}
   (Trog gifted it to you on level 2 of the Orcish Mines)

   It protects the one who uses it against injury (+AC on strike).
   It protects you from poison.
   It affects your resistance to hostile enchantments.
 t - a +9 executioner's axe of holy wrath (weapon)
Missiles
 m - 5 throwing nets (quivered)
Armour
 o - the +6 chain mail "Faugops" (worn) {rPois MR++}
   (You found it on level 3 of the Elven Halls)

   It protects you from poison.
   It affects your resistance to hostile enchantments.
 v - the +18 shield of the Gong {rElec rN+ MR+ EV-5}
   (You acquired it on level 3 of the Swamp)

   It affects your evasion (-5).
   It insulates you from electricity.
   It protects you from negative energy.
   It affects your resistance to hostile enchantments.
 F - a +2 pair of gloves of dexterity (worn)
 G - a +0 cloak (worn)
 P - a +1 pair of boots (worn)
 Q - a +2 hat of see invisible (worn)
 Z - the +14 plate armour of Dishonour {rF+}
   (You found it on level 10 of a ziggurat)

   It protects you from fire.
Jewellery
 b - the ring "Giys" (right hand) {rCorr rF+}
   (You found it in the Desolation of Salt)

   [ring of resist corrosion]

   It protects you from fire.
 k - a +5 ring of intelligence
 n - an uncursed ring of poison resistance
 B - an uncursed ring of protection from cold
 E - an uncursed ring of see invisible
 H - the ring of the Foremost Shrikes {Wiz rF++ Int+4 Dex-4 Slay+2}
   (You took it off a frost giant on level 5 of the Vaults)

   [ring of wizardry]

   It improves your spell success rate.
   It affects your intelligence (+4).
   It affects your dexterity (-4).
   It affects your accuracy and damage with ranged weapons and melee attacks
   (+2).
   It greatly protects you from fire.
 N - the ring of Moderation (left hand) {*Drain +Blink rElec rC+ Str+2}
   (You found it on level 1 of the Vaults)

   [ring of strength]

   It affects your strength (+2).
   It protects you from cold.
   It insulates you from electricity.
   It lets you blink.
   It causes draining when unequipped.
 O - an amulet of regeneration (around neck)
 S - the ring "Peamoxt" {rPois rC+ Str+4 Int+4 Dex-5}
   (You found it in Pandemonium)

   [ring of intelligence]

   It affects your strength (+4).
   It affects your intelligence (+4).
   It affects your dexterity (-5).
   It protects you from cold.
   It protects you from poison.
 X - a +2 ring of evasion
Wands
 u - a wand of polymorph (66)
 w - a wand of enslavement (20)
 D - a wand of digging (39)
 L - a wand of paralysis (44)
 U - a wand of acid (25)
 W - a wand of scattershot (4)
Scrolls
 a - 5 scrolls of fear
 e - 5 scrolls of magic mapping
 g - 15 scrolls of teleportation
 j - 26 scrolls of remove curse
 l - 4 scrolls of immolation
 s - 3 scrolls of blinking
 x - 10 scrolls of fog
 y - a scroll of holy word
 A - 4 scrolls of amnesia
 I - 3 scrolls of enchant weapon
 T - 9 scrolls of identify
 V - a scroll of summoning
 Y - 9 scrolls of enchant armour
Potions
 d - 3 potions of cancellation
 f - 17 potions of curing
 h - 3 potions of haste
 i - 6 potions of might
 p - 10 potions of magic
 r - a potion of heal wounds
 z - 12 potions of flight
 C - 6 potions of mutation
 J - 4 potions of brilliance
Comestibles
 c - 43 rations


   Skills:
 + Level 25.5 Fighting
 O Level 27 Axes
 + Level 25.4 Armour
 - Level 20.3 Dodging
 + Level 7.9 Spellcasting
 * Level 18.7 Invocations


You had 34 spell levels left.
You knew the following spells:

 Your Spells              Type           Power        Failure   Level  Hunger
a - Apportation           Tloc           #.....       45%         1    #......
b - Deflect Missiles      Chrm/Air       #.........   100%        6    #######


Dungeon Overview and Level Annotations

Branches:
Dungeon (15/15)            Temple (0/1) D:5            Lair (6/6) D:11
  Swamp (4/4) Lair:4       Spider (4/4) Lair:3        Slime (0/5) Lair:5
    Orc (2/2) D:10            Elf (3/3) Orc:2        Vaults (5/5) D:13
  Crypt (3/3) Vaults:3       Tomb (0/3) Crypt:3      Depths (1/5) D:15

Altars:
Ashenzari
Cheibriados
Fedhas
Hepliaklqana
Kikubaaqudgha
Makhleb
Okawaru
Ru
Trog
Uskayaw
Vehumet
Xom
Yredelemnul
Zin
The Shining One
Beogh
Jiyva

Shops:
D:10 *   D:11 ?   Orc:2 %}?(   Elf:1 }=}   Elf:3 }*   Vaults:1 ?

Portals:
Hell: Depths:1
Pandemonium: Orc:2

Annotations:
Lair:2 exclusion: 3 oklob plants
Lair:5 1 runed door
Elf:2 3 runed doors
Depths:1 the Enchantress


Innate Abilities, Weirdness & Mutations

You reflexively headbutt those who attack you in melee.
You have a pair of horns on your head.
Armour fits poorly on your strangely shaped body.
You are frail. (-10% HP)
Your muscles are strong. (Str +2)
You expend magic power (3 MP) to strengthen your wands.


Message History

* * * LOW HITPOINT WARNING * * *
Unknown command.
You completely miss the orb spider.
The orb spider is almost dead.
Unknown command.
You open the orb spider like a pillowcase!!!
You kill the orb spider!
Unknown command.
Unknown command.
Unknown command.
The orb of destruction hits you!
* * * LOW HITPOINT WARNING * * *
Unknown command.
You are confused.
You feel invigorated.
The orb spider weaves a glowing orb of energy.
An orb of destruction comes into view.
You're too confused to move!
The orb of destruction hits you!
You die...

▓▓▓ ▓▓▓▓▓▓.▓▓▓▓▓▓
▓▓▓...........▓▓▓
▓▓...@...........▓▓
▓▓..s§§....†.......▓▓
▓▓.........§.........▓▓
▓▓.....................▓▓
▓.......................▓
▓!??........†††.........▓
▓▓:∩}[.......#...........▓
▓.)>)$......###†.......∩..
▓▓}∩||.......#...........▓


You could see an orb spider.

Vanquished Creatures
  Cerebov (Pan)
  Lom Lobon (Pan)
  Mennas (Crypt:1)
  Mara (Crypt:1)
  3 ancient liches (Vaults:5)
  Sojobo (Crypt:1)
  Bai Suzhen (Crypt:3)
  Boris (Vaults:5)
  Xtahua (Vaults:5)
  the Lernaean hydra (Swamp:4)
  Margery (Crypt:1)
  2 Killer Klowns (Zig:6)
  A caustic shrike (Zig:1)
  A golden dragon (Vaults:5)
  Jory (Crypt:1)
  2 profane servitors (Zig:8)
  Arachne (Spider:4)
  3 Tzitzimimeh (Pan)
  Jorgrun (Elf:2)
  2 Brimstone Fiends (Pan)
  An Ice Fiend (Pan)
  3 pandemonium lords (Pan)
  6 liches
  A tentacled monstrosity (Vaults:5)
  Asterion (Elf:3)
  2 deep elf master archers (Elf:3)
  6 titans
  A quicksilver dragon (Vaults:5)
  3 ancient champions
  2 deep elf blademasters (Elf:3)
  A sphinx (Vaults:5)
  21 Executioners (Pan)
  3 thorn hunters
  6 tengu reavers
  5 storm dragons
  5 shadow dragons
  Kirke (Spider:4)
  Donald (Elf:3)
  3 nagarajas (Zig:9)
  2 fire giants
  6 revenants
  An imperial myrmidon (Desolation)
  19 balrugs
  A draconian knight (Zig:3)
  Aizul (Swamp:2)
  An orc warlord (Elf:2)
  5 frost giants
  9 vault wardens
  6 deep elf sorcerers
  5 cacodemons (Pan)
  6 warmongers (Pan)
  3 emperor scorpions
  9 ironheart preservers
  4 curse skulls
  An angel (Pan)
  4 deep elf elementalists
  7 ghost moths
  4 draconian annihilators (Pan)
  6 reapers
  2 war gargoyles
  A caustic shrike zombie (Depths:1)
  4 ghouls
  3 spriggan defenders (Depths:1)
  36 stone giants
  8 vampire knights
  11 very ugly things
  8 entropy weavers
  2 blood saints (Pan)
  4 corrupters (Pan)
  6 black suns
  4 deep elf demonologists
  6 lorocyprocas (Pan)
  Nessos (Lair:6)
  The ghost of Ymberto the Carver, a journeyman MiFi of Okawaru (D:11)
  11 deep elf annihilators
  5 spark wasps
  2 halazid warlocks (Desolation)
  Snorg (D:12)
  A merfolk javelineer (Zig:4)
  14 deep elf death magi
  10 eidola
  4 crystal guardians
  7 green deaths
  8 ettins
  2 fire dragons
  8 blizzard demons (Pan)
  14 yaktaur captains
  9 ogre magi
  6 jiangshi
  6 deep elf high priests
  5 ice dragons
  Harold (D:12)
  A hell beast (Pan)
  2 servants of whispers (Desolation)
  30 vault guards
  4 great orbs of eyes
  A naga warrior (Zig:9)
  5 ragged hierophants (Desolation)
  Fannar (Lair:2)
  9 peacekeepers (Desolation)
  20 hydras
  A quicksilver dragon skeleton (Pan)
  6 monstrous demonspawn (Pan)
  3 ghost crabs (Swamp:4)
  6 rakshasas
  3 spriggan air magi (Depths:1)
  A spectral stone giant (Zig:8)
  2 catoblepae
  9 centaur warriors
  4 death knights
  7 alligators
  32 two-headed ogres
  2 deep troll earth magi
  6 death yaks (Lair:6)
  20 dancing weapons
  A deep troll shaman (Depths:1)
  6 vampire magi
  3 titan zombies
  2 small abominations
  10 orc high priests
  A spriggan berserker (Depths:1)
  9 spriggans
  2 shock serpents (Zig:9)
  6 holy swine (Pan)
  Nergalle (Orc:1)
  18 soul eaters
  34 sun demons
  15 deep elf knights
  A spectral emperor scorpion (Crypt:3)
  A fire crab (shapeshifter) (D:11)
  11 sixfirhies
  3 iron trolls
  30 skeletal warriors
  2 sea snakes (Zig:4)
  3 spriggan druids
  23 shadow wraiths
  A spectral anaconda (Crypt:3)
  11 hell knights
  A spectral iron dragon (Crypt:3)
  A storm dragon skeleton (Pan)
  3 unseen horrors
  3 glowing orange brains (Pan)
  2 flayed ghosts
  4 gelid demonspawn
  3 torturous demonspawn
  11 deep trolls
  A tengu zombie (Zig:11)
  3 shadow demons (Pan)
  8 wizards
  14 swamp dragons
  An infernal demonspawn (Orc:2)
  13 ironbrand convokers
  3 shambling mangroves
  14 deep elf archers
  2 golden dragon skeletons
  6 harpies
  A lindwurm (Lair:6)
  30 phantasmal warriors
  4 naga ritualists (Zig:9)
  A glowing shapeshifter (Vaults:5)
  A mana viper (Zig:9)
  6 necromancers
  24 orc knights
  21 ugly things
  66 deep elf magi
  A wolf spider zombie (D:13)
  A mana viper (shapeshifter) (Vaults:1)
  31 wolf spiders
  2 human zombies
  5 orc sorcerers (Orc:2)
  4 manticores
  16 orb spiders
  A frost giant zombie (Zig:11)
  2 spectral ettins (Crypt:3)
  19 cyclopes
  3 moths of wrath
  2 elephants (Lair:6)
  A guardian serpent (shapeshifter) (Vaults:5)
  2 fire giant skeletons
  2 stone giant skeletons (Pan)
  8 black mambas
  Maurice (D:8)
  5 naga magi
  2 rust devils
  A spriggan zombie (Zig:11)
  Joseph (D:7)
  6 torpor snails
  2 frost giant skeletons
  A water nymph (Zig:4)
  2 guardian serpents
  2 gargoyles (D:14)
  2 ice statues (IceCv)
  8 vault sentinels
  18 large abominations (Pan)
  4 molten gargoyles (Desolation)
  11 orange demons
  19 spiny frogs
  31 smoke demons (Pan)
  A rime drake (shapeshifter) (Elf:3)
  A torpor snail (shapeshifter) (Vaults:4)
  A dire elephant skeleton (Pan)
  5 rime drakes
  4 komodo dragons
  36 yaktaurs
  20 demonic crawlers
  5 hellions
  8 freezing wraiths
  17 hellwings
  A yaktaur (shapeshifter) (Elf:1)
  21 red devils
  4 tormentors (Pan)
  A tengu conjurer (Vaults:2)
  6 efreet
  10 ice devils
  A yaktaur skeleton (Vaults:1)
  A troll (shapeshifter) (Vaults:5)
  3 merfolk (Zig:4)
  A jumping spider (shapeshifter) (Vaults:1)
  32 jumping spiders
  9 polar bears
  5 tyrant leeches
  13 trolls
  A wolf spider simulacrum (D:15)
  A blink frog (shapeshifter) (Elf:1)
  Prince Ribbit (D:7)
  34 saltlings (Desolation)
  28 hornets
  A hippogriff (shapeshifter) (Zig:7)
  32 blink frogs
  11 bog bodies
  35 slime creatures
  11 hippogriffs
  A meliai zombie (D:15)
  2 dream sheep (Lair:6)
  A stone giant simulacrum (Vaults:5)
  A fire dragon zombie (Depths:1)
  98 redbacks
  A deep troll skeleton (Depths:1)
  2 fire dragon skeletons
  15 flying skulls
  An air elemental (Elf:2)
  A frost giant simulacrum (Depths:1)
  2 ettin skeletons
  A satyr skeleton (Crypt:1)
  3 wyverns
  16 wraiths
  A redback (shapeshifter) (Vaults:5)
  12 shadows
  2 ice dragon skeletons
  60 yaks
  29 tarantellas
  4 water elementals
  A vampire (D:15)
  6 fire elementals
  13 ynoxinuls
  A tyrant leech zombie (Crypt:2)
  6 chaos spawn
  40 vampire mosquitoes
  5 hogs (Spider:4)
  4 basilisks
  2 neqoxecs (Pan)
  6 hungry ghosts
  An infernal demonspawn zombie (Crypt:1)
  3 wargs
  2 yaktaur simulacra
  Menkaure (D:6)
  2 soldier ants
  5 acid dragons
  2 elf zombies
  A glowing shapeshifter zombie (Crypt:1)
  A naga (Zig:9)
  A merfolk zombie (Crypt:3)
  7 insubstantial wisps
  31 swamp worms
  12 water moccasins
  13 swamp drakes
  A faun skeleton (Crypt:3)
  A floating eye (shapeshifter) (Vaults:4)
  6 porcupines
  Purgy (Sewer)
  2 merfolk skeletons
  A hornet zombie (Crypt:2)
  8 ice beasts
  53 orc warriors
  3 sky beasts
  12 black bears
  An eye of draining (shapeshifter) (Vaults:3)
  34 ogres
  2 eyes of draining
  23 centaurs
  5 phantoms
  9 boggarts
  6 wolves (Lair:6)
  2 necrophages
  2 blink frog skeletons
  8 crocodiles
  A yaktaur zombie (Vaults:1)
  An earth elemental (Elf:2)
  3 gnoll sergeants
  2 big kobolds
  A salamander zombie (Crypt:2)
  17 bullfrogs
  A water moccasin zombie (D:11)
  A wyvern zombie (D:13)
  A scorpion (D:11)
  17 killer bees
  An orc simulacrum (Vaults:1)
  7 wights
  2 vampire bats (D:5)
  4 electric eels
  A troll skeleton (Pan)
  6 howler monkeys
  5 crimson imps
  A wolf skeleton (Crypt:3)
  4 bullfrog zombies
  6 centaur zombies
  7 hounds
  A quasit (D:9)
  6 jellies
  17 orc wizards
  3 bullfrog skeletons
  5 gnoll shamans (D:5)
  7 iguanas
  36 orc priests
  2 soldier ant zombies
  4 centaur skeletons
  A human skeleton (Crypt:3)
  2 hell rats (Lair:3)
  Natasha (thrice) (D:2)
  11 worker ants
  A dwarf zombie (Crypt:2)
  An ogre skeleton (Pan)
  A naga skeleton (Crypt:3)
  2 hound skeletons
  A howler monkey zombie (D:6)
  2 worker ant zombies
  43 gnolls
  14 adders
  11 river rats (Lair:3)
  2 shadow imps
  7 white imps
  5 ufetubi (IceCv)
  2 oozes
  2 adder zombies
  An adder skeleton (D:9)
  14 worms
  2 dart slugs (D:1)
  5 leopard geckos
  111 orcs
  6 giant cockroaches
  5 goblins
  4 hobgoblins
  30 jackals
  16 kobolds
  4 quokkas
  2 ball pythons (D:4)
  A ball python skeleton (Crypt:1)
  17 bats
  5 frilled lizards
  A hobgoblin zombie (Crypt:3)
  A leopard gecko skeleton (D:4)
  9 rats
  A spectral orc (Crypt:3)
  15 briar patches
  5 crawling corpses (Elf:3)
  3 fire vortices (Pan)
  4 fungi (Lair:6)
  6 plants
2751 creatures vanquished.

Vanquished Creatures (collateral kills)
  Gloorx Vloq (Pan)
  A thorn hunter (Swamp:4)
  A reaper (IceCv)
  A deep elf annihilator (Elf:3)
  A centaur warrior (D:13)
  A swamp dragon (Swamp:4)
  8 orb spiders
  A centaur skeleton (D:13)
  2 redbacks (Spider:1)
  An ogre (Pan)
  2 centaurs (D:13)
20 creatures vanquished.

Vanquished Creatures (others)
  A sun demon (Pan)
  A titan skeleton (Crypt:3)
  2 spriggan druids (Swamp:4)
  A skeletal warrior (Vaults:2)
  A deep elf archer (Vaults:5)
  An orb spider (Spider:1)
  A black mamba (Zig:9)
  2 jumping spiders
  A saltling (Desolation)
  A redback (Spider:4)
  A human (Spider:4)
  A porcupine (shapeshifter) (Vaults:2)
  A swamp drake (Swamp:4)
  An orc warrior (Vaults:5)
  3 white imps (IceCv)
  6 ufetubi (IceCv)
  4 ball lightnings (Pan)
  An orc (D:11)
  A river rat skeleton (Crypt:1)
  A block of ice (Pan)
  A fire vortex (Pan)
  2 fungi
  11 plants
46 creatures vanquished.

Grand Total: 2817 creatures vanquished

Notes
Turn   | Place    | Note
-------+----------+-------------------------------------------
     0 | D:1      | inmateoo the Minotaur Berserker began the quest for the Orb.
     0 | D:1      | Reached XP level 1. HP: 19/19 MP: 0/0
    24 | D:1      | Reached skill level 4 in Axes
    51 | D:1      | Reached XP level 2. HP: 15/26 MP: 1/1
   341 | D:1      | Reached skill level 5 in Axes
   463 | D:1      | Reached XP level 3. HP: 29/31 MP: 2/2
   708 | D:2      | Noticed Natasha
   714 | D:2      | Killed Natasha
   714 | D:2      | Reached ** piety under Trog
   775 | D:2      | Noticed Natasha
   782 | D:2      | Reached skill level 6 in Axes
   782 | D:2      | Reached XP level 4. HP: 22/39 MP: 3/3
   793 | D:2      | HP: 2/58 [Natasha (3)]
   794 | D:2      | Killed Natasha
   863 | D:2      | Noticed Natasha
   884 | D:2      | Killed Natasha
   914 | D:2      | Found a blossoming altar of Fedhas.
  1430 | D:3      | Reached skill level 7 in Axes
  1430 | D:3      | Reached XP level 5. HP: 45/45 MP: 4/4
  1704 | D:3      | Found an ancient bone altar of Kikubaaqudgha.
  1810 | D:3      | Found a shimmering altar of Xom.
  1812 | D:3      | Found a hazy altar of Hepliaklqana.
  1812 | D:3      | Found a shattered altar of Ashenzari.
  1814 | D:3      | Found a burning altar of Makhleb.
  1814 | D:3      | Found a shattered altar of Ashenzari.
  1814 | D:3      | Found a blossoming altar of Fedhas.
  2107 | D:4      | Noticed a phantom
  2123 | D:4      | Killed a phantom
  2123 | D:4      | Reached *** piety under Trog
  2123 | D:4      | Reached skill level 8 in Axes
  2123 | D:4      | Reached XP level 6. HP: 51/51 MP: 5/5
  2864 | D:4      | Found a hazy altar of Hepliaklqana.
  2868 | D:4      | Reached XP level 7. HP: 59/59 MP: 6/6
  2911 | D:5      | Entered Level 5 of the Dungeon
  2983 | D:5      | Reached skill level 9 in Axes
  3224 | D:5      | Reached **** piety under Trog
  3255 | D:5      | Found a sacrificial altar of Ru.
  3297 | D:5      | Found a glowing drain.
  3307 | Sewer    | Entered a sewer
  3329 | Sewer    | Noticed Purgy
  3340 | Sewer    | Killed Purgy
  3340 | Sewer    | Reached skill level 5 in Fighting
  3520 | D:5      | Reached XP level 8. HP: 31/68 MP: 7/7
  3599 | D:5      | HP: 2/102 [gnoll shaman/club (8)]
  3842 | D:5      | Found the +4 Vampire's Tooth {vamp}
  3865 | D:5      | Reached skill level 10 in Axes
  4003 | D:5      | Found a basalt altar of Yredelemnul.
  4052 | D:5      | Found a staircase to the Ecumenical Temple.
  4162 | D:5      | Received a gift from Trog
  4207 | D:5      | Reached skill level 5 in Armour
  4474 | D:6      | Reached skill level 5 in Dodging
  4903 | D:6      | Reached skill level 11 in Axes
  4920 | D:6      | Noticed Menkaure
  4923 | D:6      | Reached XP level 9. HP: 46/78 MP: 8/8
  4938 | D:6      | Killed Menkaure
  5465 | D:6      | Reached ***** piety under Trog
  6024 | D:7      | Noticed Joseph
  6038 | D:7      | Killed Joseph
  6096 | D:7      | Noticed Prince Ribbit
  6101 | D:7      | Killed Prince Ribbit
  6101 | D:7      | Reached skill level 12 in Axes
  6448 | D:7      | Found an iron altar of Okawaru.
  6516 | D:7      | Found a faded altar of an unknown god.
  6516 | D:7      | Found an iron altar of Okawaru.
  6523 | D:7      | Found a hide-covered altar of Uskayaw.
  6525 | D:7      | Found a snail-covered altar of Cheibriados.
  6527 | D:7      | Found a glowing silver altar of Zin.
  6691 | D:8      | Reached XP level 10. HP: 85/87 MP: 9/9
  6830 | D:8      | Got a tiger eye-studded chain mail
  6844 | D:8      | Identified the +3 chain mail "Bubi" {rN+ Str+3} (You took it off a big kobold on level 8 of the Dungeon)
  7054 | D:8      | Noticed Maurice
  7058 | D:8      | Killed Maurice
  7349 | D:8      | Reached skill level 13 in Axes
  8111 | D:9      | Found a glowing golden altar of the Shining One.
  8174 | D:10     | Entered Level 10 of the Dungeon
  8225 | D:10     | Received a gift from Trog
  8351 | D:10     | Found a roughly hewn altar of Beogh.
  8388 | D:10     | Found a staircase to the Orcish Mines.
  8447 | D:10     | Found Juticac's General Store.
  8457 | D:10     | Bought a potion of agility for 56 gold pieces
  8457 | D:10     | Bought a potion of brilliance for 56 gold pieces
  8457 | D:10     | Bought a potion of flight for 42 gold pieces
  8457 | D:10     | Bought a scroll of remove curse for 42 gold pieces
  8500 | D:10     | Reached XP level 11. HP: 70/96 MP: 10/10
  8503 | D:10     | Noticed a deep elf mage
  8504 | D:10     | Reached skill level 14 in Axes
  8512 | D:10     | Killed a deep elf mage
  8548 | D:10     | Got a faintly glowing bronze ring
  8674 | D:11     | Noticed a two-headed ogre
  8682 | D:11     | Killed a two-headed ogre
  8801 | D:11     | Identified the ring of Dirasan {Wiz rElec Str+7} (You found it on level 10 of the Dungeon)
  8953 | D:11     | Noticed Ymberto's ghost (journeyman MiFi)
  8957 | D:11     | Reached skill level 10 in Fighting
  8959 | D:11     | Received a gift from Trog
  8966 | D:11     | Killed Ymberto's ghost
  9005 | D:11     | Found Tyrem's Magic Scroll Shop.
  9025 | D:11     | Noticed a fire crab
  9038 | D:11     | Killed a fire crab
  9038 | D:11     | Reached skill level 15 in Axes
  9247 | D:11     | Found a staircase to the Lair.
  9352 | D:11     | Reached skill level 10 in Armour
  9663 | D:12     | Noticed Harold
  9680 | D:12     | Killed Harold
  9680 | D:12     | Reached XP level 12. HP: 91/107 MP: 3/11
  9770 | D:12     | Reached ****** piety under Trog
  9977 | D:12     | Noticed Snorg
  9989 | D:12     | Killed Snorg
 10378 | D:13     | Found a frozen archway.
 10418 | IceCv    | Entered an ice cave
 10605 | IceCv    | Reached skill level 16 in Axes
 10605 | IceCv    | Reached skill level 10 in Dodging
 10999 | IceCv    | Noticed a reaper
 11009 | IceCv    | Killed a reaper
 11447 | D:13     | Received a gift from Trog
 11529 | D:13     | Noticed a six-headed hydra
 11534 | D:13     | Killed an eight-headed hydra
 11537 | D:13     | Noticed a centaur warrior
 11543 | D:13     | Killed a centaur warrior
 11581 | D:13     | Got a scorched leather armour
 11592 | D:13     | Identified the +5 leather armour of Lethargy {rF+ Str+6 Int+2 Dex-5} (You found it on level 13 of the Dungeon)
 11696 | D:13     | Paralysed by a hornet for 1 turns
 11853 | D:13     | Reached XP level 13. HP: 89/116 MP: 12/12
 12009 | D:13     | Reached skill level 17 in Axes
 12268 | D:13     | Found a gate to the Vaults.
 13142 | D:14     | Received a gift from Trog
 13477 | D:15     | Entered Level 15 of the Dungeon
 13616 | D:15     | Reached skill level 18 in Axes
 13773 | D:15     | HP: 3/118 [large slime creature (28)]
 13897 | D:15     | HP: 4/119 [cyclops (9)]
 14165 | D:15     | Reached XP level 14. HP: 85/129 MP: 13/13
 14298 | D:15     | Found a staircase to the Depths.
 14838 | D:15     | Received a gift from Trog
 15154 | Lair:1   | Entered Level 1 of the Lair of Beasts
 15650 | Lair:1   | Received a gift from Trog
 16213 | Lair:2   | Noticed Fannar
 16251 | Lair:2   | Killed Fannar
 16251 | Lair:2   | Reached skill level 19 in Axes
 16820 | Lair:2   | Got a steaming leather armour
 16831 | Lair:2   | Identified the cursed +0 leather armour of Lesser Demons {rC+} (You found it on level 2 of the Lair of Beasts)
 17006 | Lair:3   | Found a hole to the Spider Nest.
 17589 | Lair:4   | Found a staircase to the Swamp.
 17638 | Lair:4   | Received a gift from Trog
 18385 | Lair:5   | Found a runed door.
 18387 | Lair:5   | Found a viscous altar of Jiyva.
 18390 | Lair:5   | Found a staircase to the Slime Pits.
 18436 | Lair:5   | Reached XP level 15. HP: 76/138 MP: 14/14
 18916 | Lair:6   | Entered Level 6 of the Lair of Beasts
 19296 | Lair:6   | Noticed Nessos
 19314 | Lair:6   | Killed Nessos
 19660 | Lair:6   | Reached skill level 20 in Axes
 20029 | Lair:6   | Received a gift from Trog
 20762 | Orc:1    | Entered Level 1 of the Orcish Mines
 20936 | Orc:2    | Entered Level 2 of the Orcish Mines
 21105 | Orc:1    | Noticed Nergalle
 21113 | Orc:1    | Killed Nergalle
 21575 | Orc:2    | Found a bloodstained altar of Trog.
 21680 | Orc:2    | Received a gift from Trog
 21715 | Orc:2    | Found a staircase to the Elven Halls.
 21735 | Orc:2    | Got a crude battleaxe {god gift}
 21741 | Orc:2    | Identified the +12 battleaxe of Sailed {protect, rPois MR+} (Trog gifted it to you on level 2 of the Orcish Mines)
 21793 | Orc:2    | Found Rehio's Magic Scroll Shoppe.
 21805 | Orc:2    | Found Okhitrepn's Food Emporium.
 21875 | Orc:2    | Bought a scroll of identify for 26 gold pieces
 21875 | Orc:2    | Bought a scroll of enchant weapon for 97 gold pieces
 21875 | Orc:2    | Bought a scroll of teleportation for 39 gold pieces
 21875 | Orc:2    | Bought a scroll of fear for 45 gold pieces
 21875 | Orc:2    | Bought a scroll of enchant armour for 97 gold pieces
 22352 | Orc:2    | Reached skill level 15 in Fighting
 22707 | Orc:2    | Reached XP level 16. HP: 129/149 MP: 15/15
 22714 | Orc:2    | Reached skill level 15 in Armour
 22715 | Orc:2    | Found Axilinte's Antique Weapon Boutique.
 22715 | Orc:2    | Found a one-way gate leading to the halls of Pandemonium.
 22715 | Orc:2    | Found Irhit's Gadget Shop.
 22941 | Spider:1 | Entered Level 1 of the Spider Nest
 22948 | Lair:3   | Reached skill level 21 in Axes
 23981 | Spider:1 | Received a gift from Trog
 24146 | Swamp:1  | Entered Level 1 of the Swamp
 25310 | Swamp:2  | You fall through a shaft!
 25405 | Swamp:3  | Identified a scroll of acquirement
 25406 | Swamp:3  | Found the +18 shield of the Gong {rElec rN+ MR+ EV-5}
 25741 | Swamp:3  | Noticed a thorn hunter
 25752 | Swamp:3  | Killed a thorn hunter
 25822 | Swamp:3  | Received a gift from Trog
 26248 | Swamp:2  | Noticed Aizul
 26258 | Swamp:2  | Killed Aizul
 26264 | Swamp:2  | Reached skill level 22 in Axes
 26329 | Swamp:2  | Noticed a thorn hunter
 26346 | Swamp:2  | Killed a thorn hunter
 26663 | Swamp:2  | Reached XP level 17. HP: 153/158 MP: 16/16
 26985 | Swamp:4  | Entered Level 4 of the Swamp
 27101 | Swamp:4  | Received a gift from Trog
 27135 | Swamp:4  | Reached skill level 15 in Dodging
 27148 | Swamp:4  | Noticed the 27-headed Lernaean hydra
 27880 | Swamp:4  | Killed the 25-headed Lernaean hydra
 28217 | Swamp:4  | Got a decaying rune of Zot
 29015 | Spider:2 | Received a gift from Trog
 29824 | Spider:3 | Received a gift from Trog
 29936 | Spider:3 | Reached skill level 23 in Axes
 30319 | Spider:4 | Entered Level 4 of the Spider Nest
 30512 | Spider:4 | Noticed Kirke
 30526 | Spider:4 | Killed Kirke
 30561 | Spider:4 | Noticed Arachne
 30582 | Spider:4 | Reached XP level 18. HP: 169/169 MP: 17/17
 30583 | Spider:4 | Killed Arachne
 30603 | Spider:4 | Received a gift from Trog
 32006 | Spider:4 | Got a gossamer rune of Zot
 32394 | Vaults:1 | Entered Level 1 of the Vaults
 33536 | Vaults:1 | Got a heavily runed pewter ring
 33619 | Vaults:1 | Received a gift from Trog
 33633 | Vaults:1 | Found Ybybli's Magic Scroll Boutique.
 33636 | Vaults:1 | Bought a scroll of identify for 32 gold pieces
 33636 | Vaults:1 | Bought a scroll of teleportation for 48 gold pieces
 33636 | Vaults:1 | Bought a scroll of magic mapping for 56 gold pieces
 33636 | Vaults:1 | Bought a scroll of fog for 32 gold pieces
 33652 | Vaults:1 | Identified the ring of Moderation {*Drain +Blink rElec rC+ Str+2} (You found it on level 1 of the Vaults)
 33683 | Vaults:1 | Reached skill level 24 in Axes
 34316 | Vaults:2 | Got a scorched hat
 34327 | Vaults:2 | Identified the +1 hat "Qefaec" {*Corrode rC+ MP-9 Int+10} (You found it on level 2 of the Vaults)
 34347 | Vaults:2 | Found a radiant altar of Vehumet.
 34524 | Vaults:2 | Received a gift from Trog
 34602 | Vaults:2 | Reached XP level 19. HP: 179/179 MP: 18/18
 34747 | Vaults:2 | Received a gift from Trog
 35647 | Vaults:2 | Received a gift from Trog
 35656 | Vaults:2 | Got a transparent executioner's axe {god gift}
 35659 | Vaults:2 | Identified the +7 executioner's axe of Fortitude {venom, rC+ MR+ Dex+3 Stlth+} (Trog gifted it to you on level 2 of the Vaults)
 35979 | Vaults:3 | Found a ruined gateway.
 36027 | Desolati | Entered the Desolation of Salt
 36141 | Desolati | Got a flickering lapis lazuli ring
 36143 | Desolati | Identified the ring "Giys" {rCorr rF+} (You found it in the Desolation of Salt)
 36221 | Desolati | Reached skill level 25 in Axes
 36399 | Desolati | Identified the ring "Atus" {rC+ rN+ MR- MP+9 Str+4} (You found it in the Desolation of Salt)
 36401 | Desolati | Identified the +3 war axe "Orahagaw" {vamp, rF+} (You found it in the Desolation of Salt)
 36518 | Desolati | Identified the ring of Xom's Capriciousness {Str+2 Slay+3 SInv Stlth+} (You found it in the Desolation of Salt)
 36520 | Desolati | Received a gift from Trog
 37159 | Vaults:3 | Found the +27 Lear's hauberk
 37369 | Vaults:3 | Found a staircase to the Crypt.
 37369 | Vaults:3 | Found an ancient bone altar of Kikubaaqudgha.
 37370 | Vaults:3 | Found a basalt altar of Yredelemnul.
 37408 | Vaults:3 | Reached XP level 20. HP: 189/189 MP: 19/19
 37428 | Vaults:3 | Received a gift from Trog
 38573 | Vaults:4 | Identified the cursed +1 chain mail of Hopscotch {+Fly rC+ rCorr Stlth+} (You found it on level 4 of the Vaults)
 38679 | Vaults:4 | Received a gift from Trog
 39108 | Elf:1    | Entered Level 1 of the Elven Halls
 39176 | Elf:1    | Received a gift from Trog
 39353 | Elf:1    | Reached skill level 26 in Axes
 39379 | Elf:1    | Found Ujaorra's Gadget Shop.
 39381 | Elf:1    | Found Ymu Edutz's Jewellery Emporium.
 39385 | Elf:1    | Found Xiumus's Gadget Shop.
 39395 | Elf:1    | Bought an uncursed amulet of regeneration for 570 gold pieces
 39960 | Elf:1    | Received a gift from Trog
 40592 | Elf:2    | Noticed Jorgrun
 40608 | Elf:2    | Killed Jorgrun
 40608 | Elf:2    | Reached XP level 21. HP: 185/199 MP: 20/20
 40638 | Elf:2    | Found a runed gate.
 40638 | Elf:2    | Found a runed gate.
 40639 | Elf:2    | Found a runed gate.
 40774 | Elf:2    | Received a gift from Trog
 40906 | Elf:3    | Entered Level 3 of the Elven Halls
 40906 | Elf:3    | Found Ickeuth's Gadget Shoppe.
 40991 | Elf:3    | Found Liuran's Elven Fire.
 41145 | Elf:3    | Noticed Asterion
 41156 | Elf:3    | Killed Asterion
 41728 | Elf:3    | Noticed Donald
 41735 | Elf:3    | Killed Donald
 41966 | Elf:3    | Got a bound iron ring
 42244 | Elf:3    | Received a gift from Trog
 42548 | Elf:3    | Identified the ring "Wud Rurr" {rElec rF- rN+ Str+5 Dex+4} (You took it off a deep elf master archer on level 3 of the Elven Halls)
 42908 | Elf:3    | Identified the Incunabulum of Aerial Snow
 42935 | Elf:3    | Got a faintly glowing chain mail
 42947 | Elf:3    | Identified the +6 chain mail "Faugops" {rPois MR++} (You found it on level 3 of the Elven Halls)
 43538 | Vaults:5 | Entered Level 5 of the Vaults
 43538 | Vaults:5 | Noticed Boris
 43543 | Vaults:4 | Received a gift from Trog
 43543 | Vaults:4 | Reached skill level 27 in Axes
 43785 | Vaults:5 | Killed Boris
 44015 | Vaults:4 | Reached XP level 22. HP: 148/211 MP: 21/21
 44382 | Vaults:4 | Received a gift from Trog
 44742 | Vaults:5 | Got a bound brass ring
 44905 | Vaults:5 | Identified the ring of the Foremost Shrikes {Wiz rF++ Int+4 Dex-4 Slay+2} (You took it off a frost giant on level 5 of the Vaults)
 44981 | Vaults:5 | Found the +5 scythe "Finisher" {speed, Str+3}
 44995 | Vaults:5 | Identified the Guide on Congealing Dark Rites
 45002 | Vaults:5 | Got a silver rune of Zot
 45067 | Vaults:5 | Noticed an ancient lich
 45079 | Vaults:5 | Noticed a golden dragon
 45083 | Vaults:5 | Killed an ancient lich
 45098 | Vaults:5 | Killed a golden dragon
 45147 | Vaults:5 | Noticed Xtahua
 45154 | Vaults:5 | Gained mutation: Armour fits poorly on your strangely shaped body. [a shining eye]
 45156 | Vaults:5 | Killed Xtahua
 45158 | Vaults:5 | Noticed an ancient lich
 45721 | Vaults:5 | Killed an ancient lich
 45801 | Vaults:5 | Identified the Reference Book on Weightlessness and Darkness
 46178 | Vaults:5 | Noticed an ancient lich
 46181 | Vaults:5 | Killed an ancient lich
 46537 | D:9      | Fell from the grace of Trog
 46537 | D:9      | Became a worshipper of the Shining One
 46785 | Crypt:1  | Entered Level 1 of the Crypt
 46785 | Crypt:1  | Noticed Margery
 46801 | Crypt:1  | Killed Margery
 46801 | Crypt:1  | Reached skill level 1 in Invocations
 46835 | Crypt:1  | Reached * piety under the Shining One
 46835 | Crypt:1  | Reached XP level 23. HP: 88/222 MP: 23/23
 47015 | Crypt:1  | Reached ** piety under the Shining One
 47172 | Crypt:1  | Reached *** piety under the Shining One
 47174 | Crypt:1  | Noticed Mennas
 47176 | Crypt:1  | Noticed Jory
 47208 | Crypt:1  | Killed Jory
 47456 | Crypt:1  | Noticed Mara
 47461 | Crypt:1  | Killed Mara
 47465 | Crypt:1  | Reached skill level 5 in Invocations
 47644 | Crypt:1  | Noticed Sojobo
 47663 | Crypt:1  | Killed Sojobo
 47675 | Crypt:1  | Reached **** piety under the Shining One
 48203 | Crypt:2  | Reached ***** piety under the Shining One
 48991 | Crypt:2  | Paralysed by Trog for 7 turns
 49241 | Crypt:3  | Entered Level 3 of the Crypt
 49250 | Crypt:3  | Reached ****** piety under the Shining One
 49265 | Crypt:3  | Identified a +9 executioner's axe of holy wrath (a +7 executioner's axe of chopping blessed by the Shining One)
 49265 | Crypt:3  | Received a gift from the Shining One
 49399 | Crypt:3  | Found an ancient bone altar of Kikubaaqudgha.
 49451 | Crypt:3  | Found the +7 Spriggan's Knife {MR+ EV+4 Dex+4 Stlth+}
 49673 | Crypt:3  | Found a staircase to the Tomb.
 49780 | Crypt:3  | Noticed Bai Suzhen
 49792 | Crypt:3  | Killed Bai Suzhen
 49792 | Crypt:3  | Reached skill level 10 in Invocations
 49897 | Crypt:3  | Paralysed by Trog for 3 turns
 49978 | Crypt:3  | Reached XP level 24. HP: 234/234 MP: 29/29
 50320 | Crypt:1  | Killed Mennas
 50843 | Pan      | Entered Pandemonium
 50876 | Pan      | Noticed Tabbar the pandemonium lord
 50887 | Pan      | Killed Tabbar the pandemonium lord
 50921 | Pan      | Entered the realm of Cerebov.
 51210 | Pan      | Identified the Compendium of Feathery Curses
 51307 | Pan      | Noticed Cerebov
 51330 | Pan      | HP: 10/230 [Cerebov/great serpentine sword {flame} (49)]
 51331 | Pan      | Killed Cerebov
 52094 | Pan      | Learned a level 1 spell: Apportation
 52112 | Pan      | Got a fiery rune of Zot
 52171 | Pan      | Reached skill level 1 in Spellcasting
 52201 | Pan      | Found a runed door.
 52220 | Pan      | Found a runed door.
 52224 | Pan      | Found a runed door.
 52225 | Pan      | Noticed Gapha the pandemonium lord
 52231 | Pan      | Killed Gapha the pandemonium lord
 52272 | Pan      | Found a runed door.
 52283 | Pan      | Got a smoking lead ring
 52284 | Pan      | Identified the ring "Peamoxt" {rPois rC+ Str+4 Int+4 Dex-5} (You found it in Pandemonium)
 52296 | Orc:2    | Escaped Pandemonium
 52415 | Pan      | Entered Pandemonium
 52579 | Pan      | Found a runed door.
 52624 | Pan      | Gained mutation: Your body sometimes deteriorates upon taking damage. [a neqoxec]
 52731 | Pan      | Found a runed door.
 52732 | Pan      | Noticed Mipton the pandemonium lord
 52732 | Pan      | Found a runed door.
 52734 | Pan      | Found a runed door.
 52751 | Pan      | Killed Mipton the pandemonium lord
 52751 | Pan      | Reached XP level 25. HP: 192/245 MP: 32/32
 52773 | Pan      | Learned a level 6 spell: Deflect Missiles
 52780 | Orc:2    | Escaped Pandemonium
 52929 | Pan      | Entered Pandemonium
 52934 | Pan      | Gained mutation: You are frail. (-10% HP) [a cacodemon]
 53064 | Pan      | Gained mutation: You do not regenerate when monsters are visible. [a neqoxec]
 53087 | Pan      | Lost intelligence.
 53583 | Pan      | Lost mutation: Your body sometimes deteriorates upon taking damage. [potion of mutation]
 53583 | Pan      | Lost mutation: You do not regenerate when monsters are visible. [potion of mutation]
 53583 | Pan      | Gained mutation: Your muscles are strong. (Str +2) [potion of mutation]
 53607 | Pan      | Entered the realm of Gloorx Vloq.
 54091 | Pan      | Reached skill level 15 in Invocations
 54114 | Pan      | Noticed Gloorx Vloq
 54368 | Pan      | Killed Gloorx Vloq
 54376 | Pan      | Got a dark rune of Zot
 55021 | Pan      | Reached skill level 5 in Spellcasting
 55677 | Pan      | Gained mutation: You expend magic power (3 MP) to strengthen your wands. [a cacodemon]
 56185 | Pan      | Noticed Boamasiu the pandemonium lord
 56198 | Pan      | HP: 9/220 [Boamasiu the pandemonium lord (19)]
 56199 | Pan      | HP: 1/220 [Boamasiu the pandemonium lord (9)]
 56470 | Pan      | Entered the realm of Lom Lobon.
 56500 | Pan      | Reached XP level 26. HP: 230/230 MP: 34/34
 56845 | Pan      | Noticed Lom Lobon
 57069 | Pan      | Killed Lom Lobon
 57077 | Pan      | Got a magical rune of Zot
 57949 | Pan      | Found an exit through the horrors of the Abyss.
 57959 | Pan      | Took an exit into the Abyss.
 57959 | Abyss:1  | Escaped into the Abyss
 58045 | Orc:2    | Escaped the Abyss
 58298 | Orc:2    | Was forgiven by Trog
 58591 | Depths:1 | Entered Level 1 of the Depths
 58610 | Depths:1 | Found a gateway to Hell.
 58618 | Depths:1 | Got a flickering ruby amulet
 58619 | Depths:1 | Identified the amulet "Naupt" {Faith rElec} (You found it on level 1 of the Depths)
 58879 | Depths:1 | Noticed the Enchantress
 58888 | Depths:1 | Found a gateway to a ziggurat.
 58897 | Zig:1    | Entered Level 1 of a ziggurat
 59201 | Zig:2    | Entered Level 2 of a ziggurat
 59227 | Zig:3    | Entered Level 3 of a ziggurat
 59265 | Zig:3    | Reached XP level 27. HP: 200/239 MP: 34/34
 59312 | Zig:4    | Entered Level 4 of a ziggurat
 59409 | Zig:5    | Entered Level 5 of a ziggurat
 59431 | Zig:5    | Identified the Handbook of Congealing Dislocation
 59515 | Zig:6    | Entered Level 6 of a ziggurat
 59643 | Zig:7    | Entered Level 7 of a ziggurat
 59649 | Zig:7    | Found the +12 glaive of Prune {chop}
 59764 | Zig:8    | Entered Level 8 of a ziggurat
 59813 | Zig:8    | Identified the Handbook of Dark Contamination
 59820 | Zig:9    | Entered Level 9 of a ziggurat
 59845 | Zig:9    | Found the +5 pair of quick blades "Gyre" and "Gimble" {pierce, Dex-3}
 59924 | Zig:10   | Entered Level 10 of a ziggurat
 60040 | Zig:10   | Got a tiger eye-encrusted plate armour
 60043 | Zig:10   | Identified the +14 plate armour of Dishonour {rF+} (You found it on level 10 of a ziggurat)
 60118 | Zig:11   | Entered Level 11 of a ziggurat
 60134 | Zig:11   | Found the +7 lajatang of Order {silver, rMut}
 60227 | Zig:12   | Entered Level 12 of a ziggurat
 60302 | Zig:12   | HP: 9/239 [disintegration (29)]
 60305 | Zig:12   | Blown up by an orb spider

Skill      XL: |  1  2  3  4  5  6  7  8  9 10 11 12 13 14 15 16 17 18 19 20 21 22 23 24 25 26 27 |
---------------+----------------------------------------------------------------------------------+-----
Axes           | 4 5 6 7 8 9 11 12 13 15 16 18 19 20 22 23 24 25 26 27 | 27.0
Fighting       | 4 5 6 7 9 10 11 13 14 15 16 17 18 19 20 21 22 23 24 25 | 25.5
Armour         | 3 4 5 7 8 10 11 12 13 14 16 17 18 19 20 21 22 23 24 25 | 25.4
Dodging        | 3 5 6 8 9 10 11 12 13 14 15 16 17 18 19 20 | 20.3
Invocations    | 2 10 13 16 17 18 | 18.7
Spellcasting   | 2 5 6 7 |  7.9

Action                   |  1- 3 |  4- 6 |  7- 9 | 10-12 | 13-15 | 16-18 | 19-21 | 22-24 | 25-27 || total
-------------------------+-------+-------+-------+-------+-------+-------+-------+-------+-------++-------
Melee: Hand axe          |    66 |   131 |       |       |       |       |       |       |       ||   197
       Headbutt          |     8 |    24 |    49 |   132 |   178 |   278 |   267 |   295 |   266 ||  1497
       War axe           |       |     6 |   314 |   287 |       |       |       |       |       ||   607
       Broad axe         |       |       |       |   166 |       |   125 |       |       |       ||   291
       Executioner's axe |       |       |       |    68 |   616 |       |   883 |   998 |   818 ||  3383
       Scimitar          |       |       |       |       |     2 |       |       |       |       ||     2
       Battleaxe         |       |       |       |       |   147 |   954 |   140 |       |       ||  1241
Invok: Berserk           |       |     4 |    11 |     7 |    13 |     8 |     7 |     4 |       ||    54
       Trog's Hand       |       |       |     4 |     4 |     7 |     7 |    25 |     6 |       ||    53
       Brothers in Arms  |       |       |       |     2 |     1 |     4 |     1 |       |       ||     8
       Burn Spellbooks   |       |       |       |       |     2 |     4 |     5 |     3 |       ||    14
       Brand Weapon With |       |       |       |       |       |       |       |     1 |       ||     1
       Cleansing Flame   |       |       |       |       |       |       |       |     5 |     9 ||    14
       Summon Divine War |       |       |       |       |       |       |       |     2 |     4 ||     6
Evoke: Wand              |       |       |       |       |     2 |     1 |       |       |     2 ||     5
  Use: Scroll            |       |     5 |       |    17 |    13 |    10 |    19 |     7 |    19 ||    90
       Potion            |       |       |       |       |     3 |     1 |       |    13 |    17 ||    34
 Stab: Sleeping          |       |     1 |       |       |       |       |       |       |       ||     1
       Invisible         |       |       |       |       |     3 |       |       |       |       ||     3
       Paralysed         |       |       |       |       |     2 |       |       |       |       ||     2
       Distracted        |       |       |       |       |       |     1 |     1 |     2 |       ||     4
  Eat: Chunk             |       |    10 |    22 |    17 |    35 |    13 |    20 |     9 |       ||   126
       Ration            |       |       |     1 |     2 |     5 |    11 |     8 |     8 |     9 ||    44
Armor: Animal skin       |    14 |     9 |       |       |       |       |       |       |       ||    23
       Skin              |       |     3 |       |       |       |       |       |       |       ||     3
       Chain mail        |       |    21 |       |   221 |   208 |   572 |    52 |   335 |   441 ||  1850
       Leather armour    |       |       |    39 |       |       |       |       |       |       ||    39
       Scale mail        |       |       |    33 |     5 |       |       |       |       |       ||    38
       Troll leather arm |       |       |       |    51 |   119 |       |       |       |       ||   170
       Plate armour      |       |       |       |       |       |   100 |   311 |       |       ||   411
       Fire dragon scale |       |       |       |       |       |       |       |    14 |       ||    14
Dodge: Dodged            |    54 |    65 |   227 |   355 |   576 |   872 |   719 |   838 |  1053 ||  4759
       Rpst.: Scimitar   |       |       |       |       |     2 |       |       |       |       ||     2
